 Dungeon Crawl Stone Soup version 0.26-a0-651-gb41185065b (webtiles) character file.

Game seed: 930730959596175768

235 Lanoc the Sneak (level 6, -2/42 HPs)
             Began as a Halfling Delver on Oct 6, 2020.
             Shot with an arrow by a centaur (11 damage)
             ... on level 4 of the Dungeon.
             The game lasted 00:05:26 (2341 turns).

Lanoc the Sneak (Halfling Delver)                   Turns: 2341, Time: 00:05:26

Health: -2/42      AC:  3    Str: 13    XL:     6   Next: 27%
Magic:  6/6        EV: 17    Int:  8    God:
Gold:   104        SH:  0    Dex: 24    Spells: 5/5 levels left

rFire    . . .     SeeInvis .   a - +0 fustibalus
rCold    . . .     Faith    .   (shield restricted)
rNeg     . . .     Spirit   .   r - +0 leather armour
rPois    .         Reflect  .   (no helmet)
rElec    .         Harm     .   (no cloak)
rCorr    +         Rampage  .   (no gloves)
MR       .....                  (no boots)
Stlth    ++++......             (no amulet)
HPRegen  0.14/turn              f - ring of resist corrosion
MPRegen  0.10/turn              o - +6 ring of dexterity

@: no status effects
A: small, mutation resistance 1
a: no special abilities


You were on level 4 of the Dungeon.
You visited 1 branch of the dungeon, and saw 4 of its levels.

You collected 104 gold pieces.

Inventory:

Hand Weapons
 a - a +0 fustibalus (weapon)
 b - a +0 short sword
Missiles
 s - 17 sling bullets
 v - 27 stones (quivered)
Armour
 r - a +0 leather armour (worn)
Jewellery
 f - a ring of resist corrosion (left hand)
 o - a +6 ring of dexterity (right hand)
Wands
 g - a wand of digging (3)
Scrolls
 c - a scroll of fog
 d - a scroll of magic mapping
 e - 2 scrolls of fear
 i - 2 scrolls of enchant weapon {unknown}
 j - 2 scrolls of blinking {unknown}
 k - a scroll of immolation {unknown}
 l - a scroll of random uselessness {unknown}
 m - a scroll of noise {unknown}
 n - 2 scrolls of remove curse {unknown}
 q - 2 scrolls of enchant armour {unknown}
 t - a scroll of teleportation {unknown}
 y - a scroll of identify {unknown}
Potions
 h - a potion of magic
 p - 3 potions of might {unknown}
 u - 2 potions of ambrosia {unknown}
 w - a potion of heal wounds {unknown}
 x - a potion of resistance {unknown}
 z - 2 potions of curing {unknown}


   Skills:
 + Level 3.5 Fighting
 - Level 4.0 Short Blades
 * Level 3.3 Slings
 + Level 3.5 Dodging
 - Level 6.2 Stealth


You had 5 spell levels left.
You didn't know any spells.
Your spell library was empty.

Dungeon Overview and Level Annotations

Branches:
Dungeon (5/15)
 Temple: D:4-7

Altars:


Innate Abilities, Weirdness & Mutations

You are small and have problems with some larger weapons.
You are somewhat resistant to further mutation.


Message History

The orc shouts!
The howler monkey hoots and howls with incredible vigour!
You hear a shout!
The howler monkey hoots and howls with incredible vigour!
A centaur comes into view.
The centaur shouts!
The centaur wields a +0 shortbow.
The centaur shoots an arrow.
The arrow misses you.
You see here an arrow.
The howler monkey hoots and howls with incredible vigour!
The centaur shoots an arrow.
The arrow completely misses you.
You see here an arrow.
The centaur shoots an arrow.
The arrow hits you.
You see here an arrow.
The centaur shoots an arrow.
The arrow hits you.
The centaur shoots an arrow.
The arrow hits you.
* * * LOW HITPOINT WARNING * * *
You see here 2 arrows.
The centaur shoots an arrow.
The arrow hits you!
You die...

######## #......# #......#
#......# #......#
##########......##
....h.(.((.c.....##
####.....#ho.O..@.#
#.....#.....(#.## #####
#.....#......#..#.......
#.c...#########.#.......
####.....#########.#.......
.........'.................
####.....#########.#...)...
####.....# #.#.......
......#### #.........


You could see an ogre, a centaur, a howler monkey and an orc.

Vanquished Creatures
  An ice beast (D:3)
  Jessica (D:2)
  Natasha (D:2)
  A worker ant (D:4)
  3 adders
  2 worms
  A leopard gecko (D:2)
  5 orcs
  A ball python (D:3)
  A giant cockroach (D:2)
  2 goblins
  3 hobgoblins
  A quokka (D:3)
  2 bats (D:2)
  2 frilled lizards (D:3)
  6 kobolds
  3 rats
36 creatures vanquished.

Notes
Turn   | Place    | Note
-------+----------+-------------------------------------------
     0 | D:5      | Lanoc the Halfling Delver began the quest for the Orb.
     0 | D:5      | Reached XP level 1. HP: 15/15 MP: 1/1
     5 | D:5      | Noticed an ogre
    28 | D:5      | Noticed a necrophage
    48 | D:5      | Noticed a hound
    51 | D:5      | Noticed a black bear
   363 | D:3      | Reached XP level 2. HP: 13/20 MP: 2/2
   989 | D:2      | Noticed Jessica
   994 | D:2      | Killed Jessica
   994 | D:2      | Reached XP level 3. HP: 18/26 MP: 3/3
  1126 | D:2      | Noticed Natasha
  1197 | D:2      | Reached XP level 4. HP: 31/31 MP: 4/4
  1292 | D:2      | Killed Natasha
  1459 | D:3      | Reached skill level 6 in Stealth
  1681 | D:3      | Reached XP level 5. HP: 36/36 MP: 5/5
  1823 | D:3      | Noticed an ice beast
  1994 | D:3      | Reached skill level 1 in Slings
  2138 | D:3      | Killed an ice beast
  2138 | D:3      | Reached XP level 6. HP: 42/42 MP: 6/6
  2286 | D:4      | Noticed an ogre
  2341 | D:4      | Shot with an arrow by a centaur

Illustrated notes

Levels and vault maps discovered:
D:2:      minmay_skewed_foursquare, layout_basic, uniq_natasha, uniq_jessica
D:3:      layout_basic
D:4:      layout_basic, vehumet_crystals, minmay_temple_entry_oklob
D:5:      layout_basic, minmay_manual_macuahuitl, uniq_sigmund

Skill      XL: |  1  2  3  4  5  6 |
---------------+-------------------+-----
Short Blades   | 3 4 |  4.0
Fighting       | 3 |  3.5
Dodging        | 3 |  3.5
Stealth        | 6 |  6.2
Slings         | 2 3 |  3.3

Action                   |  1- 3 |  4- 6 || total
-------------------------+-------+-------++-------
Melee: Short sword       |    42 |    61 ||   103
 Fire: Fustibalus        |       |    41 ||    41
  Use: Potion            |     2 |       ||     2
 Stab: Sleeping          |     6 |     3 ||     9
Armor: Leather armour    |     6 |     6 ||    12
Dodge: Dodged            |    42 |    45 ||    87

Table legend: (Time is in decaauts)
 A = Elapsed time spent in this place.
 B = Non-inter-level travel time spent in this place.
 C = Inter-level travel time spent in this place.
 D = Time resting spent in this place.
 E = Time spent auto-exploring this place.
 F = Levels seen in this place.
 G = Mean time per level.
                   A        B        C        D        E       F      G
               +--------+--------+--------+--------+--------+-----+--------+
         Total |   2325 |   2290 |     35 |    356 |   1325 |   4 |  581.2 |
       Dungeon |   2325 |   2290 |     35 |    356 |   1325 |   4 |  581.2 |
               +--------+--------+--------+--------+--------+-----+--------+

Top non-repeatable levels by time:
     D:3: 1245 daAuts
     D:4: 555 daAuts
     D:2: 476 daAuts
     D:5: 48 daAuts
